 Dungeon Crawl Stone Soup version 0.25.1-2-g60ff931df9 (webtiles) character file.

Game seed: 9614378112780446296

926 Artemis the Grave Robber (level 7, 0/38 HPs)
             Began as a Vampire Necromancer on Sept 7, 2020.
             Was a Believer of Vehumet.
             Killed from afar by an orc wizard (8 damage)
             ... with a magic dart
             ... on level 6 of the Dungeon.
             The game lasted 00:28:22 (6695 turns).

Artemis the Grave Robber (Vampire Necromancer)      Turns: 6695, Time: 00:28:22

Health: 0/38       AC:  3    Str:  7    XL:     7   Next: 85%
Magic:  3/14       EV: 18    Int: 19    God:    Vehumet [**....]
Gold:   383        SH:  0    Dex: 21    Spells: 10/15 levels left

rFire    . . .     SeeInvis +   o - +1 long sword (freeze)
rCold    + + .     Gourm    .   (no shield)
rNeg     + + +     Faith    .   a - +0 robe
rPois    ∞         Spirit   .   q - +0 helmet
rElec    .         Reflect  .   (no cloak)
rCorr    .         Harm     .   (no gloves)
MR       .....                  (no boots)
Stlth    +++++.....             (no amulet)
HPRegen  0.00/turn              r - +6 ring of dexterity
MPRegen  0.14/turn              y - +4 ring of evasion

@: marked, bloodless
A: no food, fangs 3, see invisible, unbreathing
a: Bat Form, Revivify, Renounce Religion


You were on level 6 of the Dungeon.
You worshipped Vehumet.
Vehumet was pleased with you.
You were bloodless.

You visited 1 branch of the dungeon, and saw 6 of its levels.

You collected 383 gold pieces.

Inventory:

Hand Weapons
 b - a +0 spear
 j - a +1 dagger
 l - a +0 short sword
 o - a +1 long sword of freezing (weapon)
 w - a +1 flail of protection
Missiles
 e - 57 sling bullets
 f - 38 bolts
 n - 107 stones (quivered)
 p - 10 poisoned darts
 s - 5 silver boomerangs
Armour
 a - a +0 robe (worn)
 d - a +0 leather armour
 q - a +0 helmet (worn)
Jewellery
 r - a +6 ring of dexterity (left hand)
 v - a +4 ring of protection
 y - a +4 ring of evasion (right hand)
Wands
 B - a wand of acid (9)
Scrolls
 c - 5 scrolls of teleportation
 h - 4 scrolls of remove curse
 A - 2 scrolls of identify
Potions
 g - a potion of heal wounds
 i - a potion of haste
 k - a potion of curing {unknown}
 m - a potion of magic {unknown}
 t - 3 potions of might
 u - 2 potions of lignification
 x - a potion of resistance {unknown}
 z - 2 potions of brilliance {unknown}
 C - a potion of mutation {unknown}


   Skills:
 + Level 1.1 Fighting
 + Level 2.7 Long Blades
 + Level 3.3 Dodging
 + Level 5.0 Stealth
 + Level 4.6 Spellcasting
 * Level 2.3 Conjurations
 + Level 6.8 Necromancy


You had 10 spell levels left.
You knew the following spells:

 Your Spells              Type           Power        Failure   Level  Hunger
a - Pain                  Necr           ####         1%          1    N/A
b - Vampiric Draining     Necr           ####......   2%          3    N/A
c - Shock                 Conj/Air       #...         9%          1    N/A

Your spell library contained the following spells:

 Spells                   Type           Power        Failure   Level  Hunger
 Mephitic Cloud           Conj/Pois/Air  #.......     28%         3    N/A
 Animate Skeleton         Necr           N/A          1%          1    N/A
 Animate Dead             Necr           N/A          8%          4    N/A
 Corona                   Hex            #......      13%         1    N/A
 Ensorcelled Hibernation  Hex/Ice        #.....       21%         2    N/A
 Agony                    Necr           ####....     22%         5    N/A
 Dazzling Flash           Conj/Hex       #.....       24%         3    N/A
 Confusing Touch          Hex            #.......     36%         3    N/A
 Tukima's Dance           Hex            #.......     36%         3    N/A

Dungeon Overview and Level Annotations

Branches:
Dungeon (6/15)             Temple (0/1) D:6

Altars:
Vehumet
Zin

Annotations:
D:3 Sigmund


Innate Abilities, Weirdness & Mutations

You do not eat.
You do not regenerate when monsters are visible.
You are frail without blood (-20% HP).
You can heal yourself when you bite living creatures.
You are immune to poison.
You have razor-sharp teeth.
You have supernaturally acute eyesight. (SInv)
You can survive without breathing.


Message History

Vehumet accepts your kill.
You feel your power returning.
You feel life coursing into your body. The bullfrog misses you.
The orc wizard splashes around in the water.
An orc wizard comes into view. It is wielding a +0 dagger.
Casting: Vampiric Draining (dangerous; 2% risk of failure)
Confirm with . or Enter, or press ? or * to list all spells.
Aiming: Vampiric Draining (dangerous; 2% risk of failure)
Press: ? - help, Shift-Dir - straight line, f - giant cockroach
Aim: a giant cockroach You kill the giant cockroach!
Vehumet accepts your kill.
You feel life coursing into your body. The bullfrog completely misses you.
You riposte.
You barely miss the bullfrog.
The orc priest mumbles some strange prayers to Beogh against you.
Beogh smites you!
* * * LOW HITPOINT WARNING * * *
The orc wizard gestures at you while chanting.
The magic dart hits you!
You die...

#. .. ########## .##
##.≈....≈.## ..#
##†..≈..≈...## #.#
#.≈..≈Fo≈..≈.# #.#
##..≈†@o≈o.≈..###.#####
#...########...#.....Z.
##o.## ##..##.#####
#.≈## ##....# ##.##
##.### #.s# #..# #S##
##.# #†# .# #.# .#


You could see a bullfrog, an orc priest, 2 orc wizards and an orc.

Vanquished Creatures
  An ice beast (D:5)
  2 scorpions
  6 orc wizards
  2 hounds
  A jelly (D:6)
  An orc priest (D:5)
  A bullfrog skeleton (D:6)
  5 worker ants
  A hound skeleton (D:5)
  A hound zombie (D:5)
  Robin (D:2)
  A gnoll (D:1)
  A howler monkey skeleton (D:5)
  9 adders
  An ooze (D:3)
  An adder zombie (D:5)
  5 worms
  2 dart slugs
  4 leopard geckos
  16 orcs
  6 bats
  4 giant cockroaches
  16 goblins
  10 hobgoblins
  6 jackals
  5 quokkas
  2 frilled lizards
  8 kobolds
  A quokka skeleton (D:4)
  8 rats
128 creatures vanquished.

Vanquished Creatures (others)
  An orc wizard (D:4)
1 creature vanquished.

Grand Total: 129 creatures vanquished

Notes
Turn   | Place    | Note
-------+----------+-------------------------------------------
     0 | D:1      | Artemis the Vampire Necromancer began the quest for the
                  | Orb.
     0 | D:1      | Reached XP level 1. HP: 13/13 MP: 3/3
    60 | D:1      | Reached XP level 2. HP: 6/15 MP: 0/5
   364 | D:1      | Reached skill level 5 in Necromancy
   697 | D:1      | Reached XP level 3. HP: 16/19 MP: 0/6
  1455 | D:2      | Learned a level 3 spell: Vampiric Draining
  1604 | D:2      | Found a radiant altar of Vehumet.
  1604 | D:2      | Noticed Robin
  1940 | D:2      | Killed Robin
  2032 | D:2      | Reached XP level 4. HP: 24/24 MP: 3/8
  2056 | D:2      | Became a worshipper of Vehumet
  3416 | D:3      | Reached * piety under Vehumet
  3416 | D:3      | Offered knowledge of Shock by Vehumet.
  3445 | D:3      | Learned a level 1 spell: Shock
  3533 | D:3      | Noticed Sigmund
  3764 | D:3      | Reached XP level 5. HP: 10/28 MP: 2/9
  4343 | D:4      | Reached skill level 6 in Necromancy
  4681 | D:4      | Reached XP level 6. HP: 32/32 MP: 11/11
  4713 | D:4      | Reached skill level 1 in Conjurations
  5192 | D:5      | Entered Level 5 of the Dungeon
  5223 | D:5      | Reached skill level 1 in Long Blades
  5239 | D:5      | Reached ** piety under Vehumet
  5342 | D:5      | Offered knowledge of Magic Dart by Vehumet.
  5382 | D:5      | Found a glowing silver altar of Zin.
  5810 | D:5      | Noticed an ice beast
  5818 | D:5      | Killed an ice beast
  5818 | D:5      | Reached XP level 7. HP: 37/37 MP: 6/13
  6260 | D:6      | Found a staircase to the Ecumenical Temple.
  6555 | D:6      | Reached skill level 1 in Fighting
  6691 | D:6      | Offered knowledge of Mephitic Cloud by Vehumet.
  6693 | D:6      | Reached skill level 5 in Stealth
  6695 | D:6      | Killed from afar by an orc wizard

Illustrated notes

Levels and vault maps discovered:
D:1:      erik_arrival_triangle_medium, layout_rooms
D:2:      layout_basic, old_standard_altar, grunt_ministairs_4, uniq_robin
D:3:      kennysheep_six_static_rooms, layout_basic, first_ration, hex_large,
          uniq_sigmund
D:4:      layout_basic, minmay_a_box_with_orc_wizards_in_it
D:5:      layout_basic, nicolae_overflow_crystal_walls
D:6:      layout_loops_ring, gammafunk_temple_overflow_elements,
          nicolae_overflow_hidden_temple, minmay_temple_entry_tees,
          nicolae_alphabet_shops, nzn_random_ring

Skill      XL: |  1  2  3  4  5  6  7 |
---------------+----------------------+-----
Necromancy     | 5 6 |  6.8
Spellcasting   | 3 4 |  4.6
Stealth        | 4 5 |  5.0
Conjurations   | 1 2 |  2.3
Long Blades    | 1 2 |  2.7
Dodging        | 3 |  3.3
Fighting       | 1 |  1.1

Action                   |  1- 3 |  4- 6 |  7- 9 || total
-------------------------+-------+-------+-------++-------
Melee: Unarmed           |     9 |       |       ||     9
       Bite              |     4 |    16 |    12 ||    32
       Dagger            |    15 |    12 |       ||    27
       Long sword        |       |    87 |    47 ||   134
 Cast: Pain              |    58 |   102 |     8 ||   168
       Vampiric Draining |       |     5 |     5 ||    10
 Abil: Exsanguinate      |     1 |       |       ||     1
  Use: Scroll            |       |    10 |     1 ||    11
 Stab: Sleeping          |     3 |     8 |     6 ||    17
Armor: Robe              |    14 |    40 |     6 ||    60
Dodge: Dodged            |    46 |   120 |    56 ||   222
       Rpst.: Long sword |       |    33 |    15 ||    48
